 Dungeon Crawl Stone Soup version 0.28.0-47-ge53b351184 (webtiles) character file.

Game seed: 13788041911560176632

298 RatsInWalls the Insei (level 6, -1/31 (32) HPs)
             Began as a Vine Stalker Transmuter on May 8, 2022.
             Was a Follower of Cheibriados.
             Slain by Grinder (7 damage)
             ... while paralysed by Grinder
             ... on level 4 of the Dungeon.
             The game lasted 00:12:12 (3884 turns).

RatsInWalls the Insei (Vine Stalker Transmuter)     Turns: 3884, Time: 00:12:12

HP:   -1/31 (32)    AC:  2    Str: 17    XL:     6   Next: 36%
MP:   0/12          EV:  5    Int: 16    God:    Cheibriados [*.....]
Gold: 182           SH:  0    Dex: 23    Spells: 5/11 levels left

rFire   . . .      SeeInvis .     - Unarmed
rCold   . . .      Faith    .   (shield currently unavailable)
rNeg    . . .      Spirit   +   (armour currently unavailable)
rPois   x          Reflect  .   (helmet currently unavailable)
rElec   .          Harm     .   (cloak currently unavailable)
rCorr   .          Rampage  .   (gloves currently unavailable)
Will    .....                   (boots currently unavailable)
Stlth   +++.......              (no amulet)
HPRegen 0.90/turn               j - ring of wizardry
MPRegen 0.13/turn               (no ring)

@: paralysed, spider-form (expiring), lightly drained, very slow
A: venomous fangs, tiny, (fangs 2), regeneration 1, magic shield, (antimagic
bite), no potion heal 2
a: End Transformation, Renounce Religion, Bend Time


You were on level 4 of the Dungeon.
You worshipped Cheibriados.
Cheibriados was aware of your devotion.
You were a venomous arachnid creature.
You visited 1 branch of the dungeon, and saw 4 of its levels.
You also visited: Sewer.

You collected 182 gold pieces.

Inventory:

Armour
 a - a +0 robe (melded)
 b - a +1 helmet (melded)
 f - a +1 cloak (melded)
 l - a +0 pair of gloves (melded)
 p - a +2 buckler
Jewellery
 j - a ring of wizardry (left front leg)
Wands
 m - a wand of charming (10)
Scrolls
 i - a scroll of amnesia
Potions
 g - 2 potions of magic
 h - 2 potions of brilliance
 k - a potion of lignification {unknown}
 n - a potion of haste
 o - a potion of heal wounds


   Skills:
 * Level 2.5 Fighting
 + Level 2.2 Dodging
 - Level 2.1 Stealth
 * Level 4.1 Unarmed Combat
 * Level 3.3 Spellcasting
 * Level 3.2 Transmutations


You had 5 spell levels left.
You knew the following spells:

 Your Spells              Type           Power      Damage    Failure   Level
a - Beastly Appendage     Tmut           26%        N/A       6%          1
b - Wereblood             Tmut           13%        N/A       8%          2
c - Spider Form           Tmut/Pois      7%         N/A       22%         3

Your spell library contained the following spells:

 Spells                   Type           Power      Damage    Failure   Level
 Ignite Poison            Fire/Tmut/Pois 6%         N/A       26%         3
 Conjure Flame            Conj/Fire      2%         6-21      36%         3
 Ice Form                 Ice/Tmut       7%         N/A       52%         4
 Sticky Flame             Conj/Fire      2%         2d3       71%         4


Dungeon Overview and Level Annotations

Branches:
Dungeon (4/15)              Sewer (visited)
 Temple: D:4-7

Altars:
Cheibriados
Kikubaaqudgha
Yredelemnul

Annotations:
D:3 1 runed translucent door
D:4 exclusion: water moccasin, Grinder


Innate Abilities, Weirdness & Mutations

You are a venomous arachnid creature.
You have poisonous fangs.
You are tiny and dextrous.
Your spellcasting is less reliable in this form.
Your armour is entirely melded.
You are incapable of wielding weapons or throwing items.
((You have extremely sharp teeth.))
Your natural rate of healing is unusually fast.
When hurt, damage is shared between your health and your magic reserves.
((Your bite disrupts and absorbs the magic of your enemies.))
Potions cannot restore your health.


Message History

Confirm with . or Enter, or press ? or * to list all spells.
The spell is quite dangerous to miscast (12% risk of failure)!
Continue anyway?
You turn into a venomous arachnid creature.
Your +1 cloak melds into your body.
Your +1 helmet melds into your body.
Your +0 pair of gloves melds into your body.
Your +0 robe melds into your body.
Grinder gestures at you. Pain shoots through your body!
Grinder rolls her eyes.
You hit Grinder.
Grinder is lightly wounded.
Grinder barely misses you.
You bite Grinder!
Grinder is moderately wounded.
Grinder closely misses you.
You hit Grinder.
Grinder is heavily wounded.
Your transformation is almost over.
You bite Grinder!
Grinder is poisoned.
Grinder is heavily wounded.
Grinder hits you.
You writhe in agony.
You barely miss Grinder.
Grinder is heavily wounded.
Grinder gestures at you. You resist with some effort.
Your magical contamination has completely faded away.
You hit Grinder.
Grinder is severely wounded.
Grinder gestures at you.
You suddenly lose the ability to move!
Grinder gestures at you. Pain shoots through your body! Grinder hits you.
You writhe in agony.
* * * LOW HITPOINT WARNING * * *
Grinder hits you but does no damage. Grinder hits you.
* * * LOW HITPOINT WARNING * * *
You writhe in agony.
Grinder hits you!
You die...

####.#.#.....###...#.#
#.#.########...##.##
##.#.# ####........
#....# #...........
##.#..#####.######.##.
#...........#≈≈≈§#..##
#.###.#####.'≈_⌠≈#....
#.# #.# #.'≈>.≈#..##
#.# #s#####.#≈≈§≈#..#
#.# #5.>....######..#
#.# #.#####........##
#(# #.# ######.### #.#
#.### #.# #.# #...#
#.# #.# ###.# #.#
#.#####.# #.#
##.......### #.#


You could see Grinder (poisoned).

Vanquished Creatures
  A jelly (D:3)
  An iguana (D:4)
  A hell rat (Sewer)
  7 adders
  5 river rats
  An ufetubus (D:3)
  2 adder skeletons (D:4)
  4 worms
  An orc (D:4)
  10 ball pythons
  7 endoplasms
  3 giant cockroaches
  8 goblins
  6 hobgoblins
  6 jackals
  6 quokkas
  3 bats
  5 frilled lizards
  A goblin skeleton (D:3)
  2 kobolds
  A kobold zombie (D:3)
  10 rats
91 creatures vanquished.

Notes
Turn   | Place    | Note
-------+----------+-------------------------------------------
     0 | D:1      | RatsInWalls the Vine Stalker Transmuter began the quest for
                  | the Orb.
     0 | D:1      | Reached XP level 1. HP: 9/9 MP: 4/4
   146 | D:1      | Reached skill level 1 in Fighting
   275 | D:1      | Reached XP level 2. HP: 14/14 MP: 4/6
  1233 | D:2      | Reached XP level 3. HP: 18/18 MP: 5/7
  1289 | D:2      | Learned a level 2 spell: Wereblood
  1554 | D:2      | Reached skill level 1 in Stealth
  1778 | D:2      | Gained mutation: Your natural rate of healing is unusually
                  | fast. [Vine Stalker growth]
  1778 | D:2      | Reached XP level 4. HP: 18/23 MP: 4/9
  2488 | D:3      | Found a runed translucent door.
  2488 | D:3      | Noticed a human
  2497 | D:3      | Found a basalt altar of Yredelemnul.
  2815 | D:3      | Reached XP level 5. HP: 18/26 MP: 4/10
  2954 | D:3      | You fall into a shaft and drop 1 floor!
  2954 | D:4      | Found a snail-covered altar of Cheibriados.
  3027 | D:4      | Became a worshipper of Cheibriados the Contemplative
  3078 | D:4      | Noticed a water moccasin
  3232 | D:4      | Reached skill level 4 in Unarmed Combat
  3262 | D:4      | Reached XP level 6. HP: 30/31 MP: 9/11
  3273 | D:4      | Reached * piety under Cheibriados
  3285 | D:4      | Found a glowing drain.
  3292 | Sewer    | Entered a sewer
  3669 | D:4      | Learned a level 3 spell: Spider Form
  3694 | D:4      | Noticed Grinder
  3703 | D:4      | Paralysed by Grinder for 4 turns
  3812 | D:4      | Found an ancient bone altar of Kikubaaqudgha.
  3879 | D:4      | Paralysed by Grinder for 5 turns
  3884 | D:4      | Slain by Grinder

Illustrated notes

Levels and vault maps discovered:
D:1:      onia_arrival_mini_spirals, layout_basic, minmay_cut_off
D:2:      layout_basic, minmay_tetromino_t4
D:3:      layout_loops_ring, dk_yredelemnul_ordeal
D:4:      layout_loops_ring, general_overflow_altar, mainiacjoe_overflow_paths,
          mainiacjoe_overflow_alcove_4, lightli_sewer_entry_pipes, minivault_11,
          uniq_grinder

Skill      XL: |  1  2  3  4  5 |
---------------+----------------+-----
Fighting       | 1 2 |  2.5
Stealth        | 1 2 |  2.1
Dodging        | 2 |  2.2
Spellcasting   | 3 |  3.3
Transmutations | 3 |  3.2
Unarmed Combat | 4 |  4.1

Action                   |  1- 3 |  4- 6 || total
-------------------------+-------+-------++-------
Melee: Unarmed           |    82 |   159 ||   241
       Headbutt          |    14 |    23 ||    37
       Bite              |    11 |    23 ||    34
       Kick              |    13 |    39 ||    52
       Punch             |     2 |     1 ||     3
 Cast: Beastly Appendage |    31 |    41 ||    72
       Spider Form       |       |     2 ||     2
       Wereblood         |       |     1 ||     1
Evoke: Wand              |       |     1 ||     1
  Use: Scroll            |       |     8 ||     8
       Potion            |       |     3 ||     3
 Stab: Sleeping          |     7 |     2 ||     9
Armor: Robe              |    10 |    26 ||    36
       Skin              |       |     2 ||     2
Dodge: Dodged            |    48 |    89 ||   137
